 Dungeon Crawl Stone Soup version 0.25-b1-39-g0d900dab71 (webtiles) character file.

Game seed: 4378941534180344565

4021 Esekla the Magician (level 10, -3/88 HPs)
             Began as a Naga Necromancer on June 7, 2020.
             Was an Initiate of Ashenzari.
             Slain by a two-headed ogre
             ... wielding a +0 dire flail
              (11 damage)
             ... on level 9 of the Dungeon.
             The game lasted 01:36:40 (11813 turns).

Esekla the Magician (Naga Necromancer)             Turns: 11813, Time: 01:36:40

Health: -3/88      AC: 17    Str: 10    XL:     10   Next: 23%
Magic:  1/19       EV: 11    Int: 18    God:    Ashenzari [......]
Gold:   621        SH:  0    Dex: 11    Spells: 7/21 levels left

rFire    . . .     SeeInvis +   D - +1 dagger (protect) (curse)
rCold    . . .     Gourm    .   (no shield)
rNeg     . . .     Faith    .   j - +2 robe {Archmagi} (curse)
rPois    +         Spirit   .   (helmet restricted)
rElec    .         Reflect  .   C - +0 cloak
rCorr    .         Harm     .   s - +0 pair of gloves
MR       ++...     Clarity  +   (no barding)
Stlth    +++.......             (no amulet)
HPRegen  0.24/turn              A - ring of protection from magic
MPRegen  0.16/turn              (no ring)

@: protection aura, very slow
A: large, antennae 1, iridescent scales 1, see invisible, clarity, clumsy 1,
deformed body, poison resistance, slowness 2, slow metabolism 1, spit poison 1,
AC +3
a: Spit Poison, Curse Item, Renounce Religion


You were on level 9 of the Dungeon.
You worshipped Ashenzari.
Ashenzari was noncommittal.
You were near starving.

You visited 2 branches of the dungeon, and saw 11 of its levels.
You also visited: Ossuary.

You collected 621 gold pieces.

Inventory:

Hand Weapons
 l - a +3 spear
 D - a cursed +1 dagger of protection (weapon)
Missiles
 g - 43 poisoned darts (quivered)
 t - 2 boomerangs
 B - 10 curare-tipped darts
Armour
 h - a +0 helmet
 j - a cursed +2 robe of the Archmagi (worn)
 s - a +0 pair of gloves (worn)
 v - a cursed +0 buckler
 C - a +0 cloak (worn)
Magical Staves
 m - an uncursed staff of energy
Jewellery
 A - a ring of protection from magic (left hand)
Wands
 K - a wand of disintegration (9)
Scrolls
 a - 5 scrolls of identify
 d - a scroll of random uselessness {unknown}
 f - 6 scrolls of amnesia
 n - 3 scrolls of immolation
 q - a scroll of enchant weapon {unknown}
 r - 4 scrolls of teleportation
 u - a scroll of fog {unknown}
 x - 3 scrolls of blinking {unknown}
 y - 6 scrolls of remove curse
 z - 3 scrolls of fear
 E - a scroll of vulnerability {unknown}
 H - a scroll of enchant armour
Potions
 b - 6 potions of brilliance
 e - 4 potions of flight
 i - 4 potions of stabbing
 k - a potion of lignification
 o - 3 potions of curing
 p - a potion of ambrosia
 w - a potion of heal wounds
 F - a potion of cancellation
 G - 2 potions of mutation
 I - a potion of magic {unknown}
 J - 2 potions of resistance {unknown}
Comestibles
 c - 9 rations


   Skills:
 * Level 5.4 Fighting
 + Level 4.5 Short Blades
 + Level 4.2 Dodging
 + Level 4.9 Stealth
 * Level 2.9 Shields
 * Level 6.4 Spellcasting
 * Level 4.0 Conjurations
 * Level 3.2 Charms
 + Level 6.1 Necromancy
 * Level 3.5 Air Magic


You had 7 spell levels left.
You knew the following spells:

 Your Spells              Type           Power        Failure   Level  Hunger
a - Airstrike             Air            ####......   26%         4    ####...
b - Lightning Bolt        Conj/Air       ####......   56%         5    #####..
d - Vampiric Draining     Necr           #####.....   2%          3    ##.....
w - Swiftness             Chrm/Air       ####....     4%          2    None

Your spell library contained the following spells:

 Spells                   Type           Power        Failure   Level  Hunger
 Animate Skeleton         Necr           N/A          1%          1    None
 Pain                     Necr           ####         1%          1    None
 Shock                    Conj/Air       ####         2%          1    None
 Static Discharge         Conj/Air       ####....     8%          3    ##.....
 Animate Dead             Necr           N/A          10%         4    ####...
 Agony                    Necr           #####...     26%         5    #####..


Dungeon Overview and Level Annotations

Branches:
Dungeon (10/15)            Temple (1/1) D:6            Lair (0/6) D:8
Ossuary (visited)
    Orc: D:9-12

Altars:
Ashenzari
Cheibriados
Dithmenos
Elyvilon
Fedhas
Gozag
Hepliaklqana
Kikubaaqudgha
Makhleb
Nemelex Xobeh
Okawaru
Qazlal
Ru
Sif Muna
Trog
Uskayaw
Vehumet
Wu Jian
Xom
Yredelemnul
Zin
The Shining One


Innate Abilities, Weirdness & Mutations

You cannot wear boots.
Your serpentine skin is tough. (AC +3)
You have supernaturally acute eyesight. (SInv)
Armour fits poorly on your strangely shaped body.
Your system is resistant to poisons. (rPois)
You cover ground very slowly.
You have a slow metabolism.
You can spit poison.
You have a pair of small antennae on your head.
You are partially covered in iridescent scales. (AC +2)
You possess an exceptional clarity of mind.
You are clumsy. (Dex -2)


Message History

Confirm with . or Enter, or press ? or * to list all spells.
Aiming: Vampiric Draining (mildly dangerous; 2% risk of failure)
Press: ? - help, Shift-Dir - straight line, f/p - two-headed ogre
Aim: a two-headed ogre, wielding a +0 dire flail and a +0 giant spiked club (severely wounded, poisoned)
You feel a surge of power!
The two-headed ogre is almost dead.
You feel life coursing into your body. The two-headed ogre misses you.
The two-headed ogre closely misses you.
You hit the two-headed ogre but do no damage.
The two-headed ogre is almost dead.
The two-headed ogre hits you with a +0 dire flail.
The two-headed ogre hits you with a +0 giant spiked club!!
* * * LOW HITPOINT WARNING * * *
You feel much better.
You hit the two-headed ogre.
The two-headed ogre is almost dead.
The two-headed ogre hits you with a +0 dire flail!!
* * * LOW HITPOINT WARNING * * *
The two-headed ogre hits you with a +0 giant spiked club!
You die...

. ... ...[### O
.......######### )..
#.@OKKKZZ.##
....O###########..##
....Z.>...Z..####..#
...#Z#######OZh{...#######
# ######...K....# ##
####§§§..# .## #§§§§.§
..## #.§§..§ ...######
#§§8§§.


You could see a two-headed ogre (poisoned), a big kobold, a worker ant zombie, 2
kobolds and a bullfrog skeleton.

Vanquished Creatures
  Harold (D:8)
  Psyche (D:8)
  2 hippogriffs
  Sigmund (D:3)
  A yak (D:8)
  A hungry ghost (D:8)
  2 orc warriors
  A black bear (D:9)
  A sky beast (D:8)
  2 ogres
  2 centaurs
  2 crocodiles (D:8)
  3 bullfrogs
  A water moccasin zombie (D:5)
  3 wights
  A howler monkey (D:5)
  2 crimson imps
  A quasit (D:5)
  4 hounds
  2 jellies
  3 orc wizards
  Crazy Yiuf (D:4)
  3 orc priests
  A centaur skeleton (D:3)
  Terence (D:2)
  2 worker ants (D:5)
  A big kobold zombie (Ossuary)
  A hound zombie (Ossuary)
  2 hound skeletons (D:4)
  4 mummies (Ossuary)
  A worker ant zombie (D:5)
  Robin (D:2)
  9 adders
  6 gnolls
  A shadow imp (D:5)
  A white imp (D:6)
  3 oozes
  An adder zombie (D:7)
  3 worms
  4 dart slugs
  20 orcs
  2 ball pythons (D:2)
  3 giant cockroaches
  A gnoll zombie (Ossuary)
  10 goblins
  6 hobgoblins
  6 jackals
  5 kobolds
  A quokka (D:2)
  7 bats
  4 frilled lizards
  2 hobgoblin zombies (Ossuary)
  5 jackal zombies
  3 kobold zombies (Ossuary)
  A leopard gecko skeleton (D:6)
  6 rats
  A fungus (D:4)
166 creatures vanquished.

Notes
Turn   | Place    | Note
-------+----------+-------------------------------------------
     0 | D:1      | Esekla the Naga Necromancer began the quest for the Orb.
     0 | D:1      | Reached XP level 1. HP: 15/15 MP: 3/3
   579 | D:2      | Reached XP level 2. HP: 7/24 MP: 5/5
  1252 | D:2      | Reached XP level 3. HP: 30/30 MP: 6/6
  1267 | D:2      | Learned a level 3 spell: Vampiric Draining
  1472 | D:2      | Reached skill level 1 in Fighting
  1613 | D:2      | Noticed Terence
  2322 | D:1      | Reached XP level 4. HP: 38/38 MP: 7/7
  2329 | D:2      | Noticed Robin
  2612 | D:2      | Killed Robin
  2834 | D:3      | Found a stormy altar of Qazlal.
  3069 | D:3      | Noticed Sigmund
  3092 | D:3      | Killed Sigmund
  3092 | D:3      | Reached skill level 1 in Short Blades
  3092 | D:3      | Reached XP level 5. HP: 20/46 MP: 2/9
  3092 | D:3      | Reached XP level 6. HP: 25/55 MP: 2/10
  3574 | D:4      | Reached skill level 5 in Necromancy
  3927 | D:4      | Reached XP level 7. HP: 57/62 MP: 8/12
  4696 | D:4      | Found a runed translucent door.
  4697 | D:4      | Noticed Crazy Yiuf
  4755 | D:5      | Entered Level 5 of the Dungeon
  4924 | D:5      | Learned a level 2 spell: Swiftness
  5127 | D:5      | Got a twisted tower shield
  5156 | D:5      | Identified the +2 tower shield of Repulsion {*Slow rPois
                  | rF+} (You found it on level 5 of the Dungeon)
  5794 | D:5      | Reached XP level 8. HP: 72/72 MP: 14/14
  6019 | D:6      | Found a staircase to the Ecumenical Temple.
  6045 | Temple   | Entered the Ecumenical Temple
  6144 | Temple   | Became a worshipper of Ashenzari the Shackled
  6388 | D:2      | Killed Terence
  6882 | D:4      | Killed Crazy Yiuf
  7109 | D:4      | Reached skill level 1 in Shields
  7109 | D:4      | Reached skill level 1 in Air Magic
  7585 | D:6      | Found a bloodstained altar of Trog.
  7597 | D:6      | Found an ornate altar of the Wu Jian Council.
  7601 | D:6      | Found a burning altar of Makhleb.
  7727 | D:6      | Learned a level 4 spell: Airstrike
  7733 | D:6      | Learned a level 5 spell: Lightning Bolt
  7926 | D:7      | Found a blossoming altar of Fedhas.
  8043 | D:7      | Reached skill level 1 in Conjurations
  8167 | D:7      | Reached skill level 1 in Charms
  9070 | D:7      | Noticed a hippogriff
  9684 | D:7      | Killed a hippogriff
  9684 | D:7      | Reached XP level 9. HP: 45/79 MP: 4/16
  9781 | D:8      | Noticed Psyche
  9820 | D:8      | Gained mutation: You possess an exceptional clarity of
                  | mind. [potion of mutation]
  9820 | D:8      | Gained mutation: You are clumsy. (Dex -2) [potion of
                  | mutation]
  9820 | D:8      | Gained mutation: You are partially covered in iridescent
                  | scales. (AC +2) [potion of mutation]
  9820 | D:8      | Gained mutation: You have a pair of small antennae on your
                  | head. [potion of mutation]
  9847 | D:8      | Killed Psyche
  9847 | D:8      | Reached skill level 5 in Spellcasting
  9907 | D:8      | Found a sand-covered staircase.
 10023 | Ossuary  | Entered an ossuary
 10496 | D:8      | Reached skill level 5 in Fighting
 10828 | D:8      | Noticed Harold
 10872 | D:8      | Killed Harold
 10872 | D:8      | Reached XP level 10. HP: 21/88 MP: 1/19
 11238 | D:8      | Found a staircase to the Lair.
 11419 | D:9      | Found a basalt altar of Yredelemnul.
 11431 | D:9      | Found a glowing golden altar of the Shining One.
 11542 | D:10     | Entered Level 10 of the Dungeon
 11633 | D:9      | Noticed a two-headed ogre
 11762 | D:9      | Noticed a two-headed ogre
 11813 | D:9      | Slain by a two-headed ogre

Illustrated notes

Levels and vault maps discovered:
D:1:      wheals_arrival_linesprint, layout_basic, serial_park_tiny_1,
          minmay_hexomino_f4
D:2:      minmay_skewed_foursquare, layout_rooms, uniq_terence, uniq_robin
D:3:      minmay_angry_zag, layout_basic, lemuel_altar_in_water, uniq_sigmund
D:4:      layout_rooms, first_ration, chequers_decorated_corner,
          uniq_crazy_yiuf_cottage
D:5:      layout_gridville, kennysheep_cross_bottleneck
D:6:      layout_loops_cross, minmay_overflow_temple_star_quad,
          minmay_temple_entry_crystal_x, minmay_fire_ice_demons
D:7:      layout_basic, fedhas_altar_4
D:8:      layout_rooms, david_lair_generic, nicolae_ossuary_entry_plus,
          serial_bayou_lagoon_a, uniq_psyche, uniq_harold
D:9:      layout_rooms, kennysheep_little_box, nicolae_tso_swordbearing_angel,
          minmay_orc_entry_temple_small, statue_in_the_mist_lemuel,
          grunt_ogre_cave, uniq_prince_ribbit1
D:10:     layout_roguey, chequers_avenue
Temple:   nicolae_temple_elliptical

Skill      XL: |  1  2  3  4  5  6  7  8  9 10 |
---------------+-------------------------------+-----
Fighting       | 1 2 3 4 5 |  5.4
Dodging        | 2 3 4 |  4.2
Short Blades   | 1 2 3 4 |  4.5
Spellcasting   | 3 4 6 |  6.4
Stealth        | 4 |  4.9
Necromancy     | 5 6 |  6.1
Shields        | 1 2 |  2.9
Air Magic      | 1 3 |  3.5
Conjurations   | 2 3 4 |  4.0
Charms         | 1 3 |  3.2

Action                   |  1- 3 |  4- 6 |  7- 9 | 10-12 || total
-------------------------+-------+-------+-------+-------++-------
Melee: Whip              |    23 |       |       |       ||    23
       Unarmed           |     1 |       |       |       ||     1
       Dagger            |    62 |    22 |   793 |    37 ||   914
       Rapier            |       |    70 |   269 |       ||   339
Throw: Dart              |       |    10 |     9 |       ||    19
       Boomerang         |       |       |    31 |     1 ||    32
 Cast: Vampiric Draining |     6 |    12 |    50 |     9 ||    77
       Swiftness         |       |       |     1 |       ||     1
       Airstrike         |       |       |     9 |     2 ||    11
Invok: Curse Item        |       |       |     2 |       ||     2
 Abil: Spit Poison       |    29 |    16 |    33 |    10 ||    88
  Use: Scroll            |     7 |     1 |     7 |     1 ||    16
       Potion            |       |     1 |     8 |     1 ||    10
 Stab: Sleeping          |     2 |     3 |     6 |     3 ||    14
  Eat: Chunk             |     5 |     4 |    13 |     1 ||    23
       Ration            |       |     1 |     6 |     1 ||     8
Armor: Robe              |    27 |    47 |   500 |    34 ||   608
       Skin              |       |     1 |    13 |       ||    14
Dodge: Dodged            |    62 |    75 |   463 |    50 ||   650
